 Dungeon Crawl Stone Soup version 0.25-a0-479-g8579842fd4 (webtiles) character file.

Game seed: 3996993843188834981, levelgen mode: deterministic

159 Notrik the Skirmisher (level 5, -7/52 HPs)
             Began as a Hill Orc Fighter on Feb 9, 2020.
             Killed by divine providence
             ... invoked by an orc priest
              (15 damage)
             ... on level 3 of the Dungeon.
             The game lasted 00:02:38 (2967 turns).

Notrik the Skirmisher (Hill Orc Fighter)            Turns: 2967, Time: 00:02:39

Health: -7/52      AC: 11    Str: 20    XL:     5   Next: 40%
Magic:  5/5        EV:  3    Int:  8    God:
Gold:   95         SH:  9    Dex: 10    Spells: 4/4 levels left

rFire    . . .     SeeInvis .   a - +0 war axe
rCold    . . .     Gourm    .   c - +0 shield
rNeg     . . .     Faith    .   k - +0 plate armour
rPois    .         Spirit   .   (no helmet)
rElec    .         Reflect  .   (no cloak)
rCorr    .         Harm     .   (no gloves)
MR       .....                  (no boots)
Stlth    ..........             (no amulet)
HPRegen  0.17/turn              (no ring)
MPRegen  0.09/turn              (no ring)

@: no status effects
A: no striking features
a: Convert to Beogh


You were on level 3 of the Dungeon.
You were not hungry.

You visited 1 branch of the dungeon, and saw 3 of its levels.

You collected 95 gold pieces.

Inventory:

Hand Weapons
 a - a +0 war axe (weapon)
Armour
 c - a +0 shield (worn)
 k - a +0 plate armour (worn)
   (You found it on level 2 of the Dungeon)
Scrolls
 g - 4 scrolls of identify {unknown}
 j - a scroll of enchant weapon {unknown}
 l - a scroll of blinking {unknown}
 m - a scroll of immolation {unknown}
 n - 2 scrolls of random uselessness {unknown}
 o - a scroll of enchant armour {unknown}
Potions
 d - a potion of might
 f - a potion of agility {unknown}
 h - 4 potions of curing {unknown}
 i - 2 potions of brilliance {unknown}
Comestibles
 e - 3 rations {!d}


   Skills:
 * Level 7.1 Fighting
 - Level 2.6 Axes
 - Level 3.2 Armour
 - Level 3.2 Shields


You had 4 spell levels left.
You didn't know any spells.
Your spell library was empty.

Dungeon Overview and Level Annotations

Branches:
Dungeon (3/15)

Altars:
Dithmenos


Message History

The orc shouts!
You hear a shout! x2
An orc is nearby!
An orc is nearby!
An orc is nearby!
An orc comes into view. It is wielding a +0 club.
An orc comes into view.
The orc shouts!
You hear a shout!
The orc hits you but does no damage.
Your plate armour prevents you from hitting the orc.
The orc hits you but does no damage.
An orc priest comes into view. It is wielding a +0 dagger.
The orc barely misses you.
The orc priest shouts, "Beogh is our master!
Accept the truth or die!" (press Y on the ability menu to convert to Beogh)
You slash the orc!
You kill the orc!
The orc priest shouts, "Join the one true god or die!"
You slash the orc!
You kill the orc!
The orc priest hits you but does no damage.
You see here a +0 scale mail.
You slash the orc priest!
The orc priest mumbles some strange prayers to Beogh against you.
Beogh smites you!
An orc priest comes into view.
You block the orc priest's attack.
You closely miss the orc priest.
The orc priest calls down the wrath of Beogh upon you.
Pain shoots through your body!
You hit the orc priest.
The orc priest invokes the aid of Beogh against you.
Beogh smites you!
* * * LOW HITPOINT WARNING * * *
The orc priest looks satisfied for a moment.
You are too injured to fight recklessly!
You hit the orc priest.
You kill the orc priest!
Your Fighting skill increases to level 7!
The orc priest looks braver for a moment.
Your shield and plate armour prevent you from hitting the orc.
The orc hits you but does no damage. You block the orc's attack.
Unknown command.
You hit the orc.
The orc priest invokes the aid of Beogh against you.
Beogh smites you!
* * * LOW HITPOINT WARNING * * *
You block the orc's attack.
The orc priest mumbles some strange prayers to Beogh against you.
Beogh smites you!
You die...

........###.####
...#...........#
........########
............####
........#......#
#.......#...#.##
#.......#.###
#.#.#.#.#.# #
#.#.#.#@# .
#.#.#o# #.#o#
#.. ###


You could see an orc priest and an orc.

Vanquished Creatures
  An orc priest (D:3)
  3 gnolls (D:3)
  4 adders
  An ooze (D:1)
  2 worms
  2 dart slugs
  2 leopard geckos
  3 orcs (D:3)
  2 ball pythons (D:2)
  2 bats (D:1)
  2 giant cockroaches
  3 goblins
  8 jackals
  4 kobolds (D:2)
  A quokka (D:2)
  3 frilled lizards
  8 rats
51 creatures vanquished.

Notes
Turn   | Place    | Note
-------+----------+-------------------------------------------
     0 | D:1      | Notrik the Hill Orc Fighter began the quest for the Orb.
     0 | D:1      | Reached XP level 1. HP: 19/19 MP: 1/1
   154 | D:1      | Reached skill level 4 in Fighting
   616 | D:1      | Reached XP level 2. HP: 27/27 MP: 2/2
   962 | D:2      | Reached skill level 5 in Fighting
   962 | D:2      | Reached XP level 3. HP: 31/36 MP: 3/3
  1577 | D:2      | Reached XP level 4. HP: 40/44 MP: 4/4
  2485 | D:3      | Reached skill level 6 in Fighting
  2719 | D:3      | Reached XP level 5. HP: 46/51 MP: 5/5
  2744 | D:3      | Found a shadowy altar of Dithmenos.
  2965 | D:3      | Reached skill level 7 in Fighting
  2967 | D:3      | Killed from afar by an orc priest

Levels and vault maps discovered:
D:1:      eino_arrival_druids_welcome, layout_basic, minivault_27
D:2:      layout_basic, minmay_misc_feat_rugged, roderic_serpentine_path
D:3:      layout_basic, nicolae_dithmenos_shadow_blocks

Skill      XL: |  1  2  3  4  5 |
---------------+----------------+-----
Fighting       | 4 5 6 7 |  7.1
Axes           | |  2.6
Armour         | |  3.2
Shields        | |  3.2

Action                   |  1- 3 |  4- 6 || total
-------------------------+-------+-------++-------
Melee: War axe           |   101 |    74 ||   175
  Eat: Chunk             |     2 |     5 ||     7
Armor: Scale mail        |    40 |     4 ||    44
       Plate armour      |       |    37 ||    37
Dodge: Dodged            |    33 |    12 ||    45
Block: Shield            |    58 |    31 ||    89

Table legend:
 A = Non-vault XP
 B = Vault XP
 C = Vault XP percentage of total XP
 D = Non-vault monster count
 E = Vault monster count
 F = Vault count percentage of total count
                 A         B        C        D         E       F
            +---------+---------+-------+---------+---------+-------
      Total |     228 |       0 |   0.0 |      51 |       0 |   0.0
            +---------+---------+-------+---------+---------+-------
        D:1 |      27 |       0 |   0.0 |      12 |       0 |   0.0
        D:2 |      61 |       0 |   0.0 |      21 |       0 |   0.0
        D:3 |     140 |       0 |   0.0 |      18 |       0 |   0.0
            +---------+---------+-------+---------+---------+-------
